 Dungeon Crawl Stone Soup version 0.31.0-11-ge490571c62 (webtiles) character file.

Game seed: 16335272601291809360

10 Arcadio the Sneak (level 2, -2/26 HPs)
             Began as a Draconian Delver on Jan 30, 2024.
             Slain by an adder (3 damage)
             ... on level 4 of the Dungeon.
             The game lasted 00:00:36 (186 turns).

Arcadio the Sneak (Draconian Delver)                 Turns: 186, Time: 00:00:36

Health: -2/26      AC:  4    Str: 14    XL:     2   Next: 10%
Magic:  2/2        EV: 12    Int: 10    God:
Gold:   64         SH:  0    Dex: 12    Spells: 1/1 levels left

rFire   . . .        a - +0 mace
rCold   . . .        (no shield)
rNeg    . . .        (body armour unavailable)
rPois   .            (helmet restricted)
rElec   .            (no cloak)
rCorr   .            (no gloves)
SInv    .            (no boots)
Will    .....        (no amulet)
Stlth   +++          (no ring)
HPRegen 0.24/turn    (no ring)
MPRegen 0.08/turn

%: no passive effects
@: lethally poisoned (-2 -> -5)
A: AC +4, unfitting armour, cold-blooded
a: no special abilities


You were on level 4 of the Dungeon.
You visited 1 branch of the dungeon, and saw 2 of its levels.

You collected 64 gold pieces.

Inventory:

Hand Weapons
 a - a +0 mace (weapon)
Wands
 f - a wand of digging (3)
Scrolls
 b - a scroll of fog
 c - a scroll of revelation
 d - a scroll of fear
 g - a scroll of enchant armour {unknown}
 h - a scroll of vulnerability {unknown}
Potions
 e - a potion of haste


   Skills:
 + Level 3.4 Fighting
 + Level 2.2 Maces & Flails
 + Level 2.0 Dodging
 + Level 4.6 Stealth


You had one spell level left.
You didn't know any spells.
Your spell library was empty.

Dungeon Overview and Level Annotations

Branches:
Dungeon (5/15)
 Temple: D:4-7

Altars:

Annotations:
D:4 1 transporter


Innate Abilities, Weirdness & Mutations

Your plain brown scales are hard. (AC +4)
You cannot fit into any form of body armour.
You are cold-blooded and may be slowed by cold attacks.


Message History

You are more poisoned.
The adder poisons you!
You closely miss the adder.
You tail-slap the adder, but do no damage.
The adder is moderately wounded.
You feel sick. The adder closely misses you. The adder barely misses you.
You barely miss the adder.
Your tail-slap misses the adder.
The adder is moderately wounded.
You feel sick. The adder bites you. The adder closely misses you.
You feel sick. The adder attacks as it pursues you! The adder bites you.
You feel sick.
You see here a clear potion.
You feel sick.
You are no longer poisoned.
The adder closely misses you. The adder attacks as it pursues you!
The adder barely misses you. The adder attacks as it pursues you!
The adder barely misses you. The adder bites you but does no damage.
You closely miss the adder.
You tail-slap the adder, but do no damage.
The adder is moderately wounded.
The adder closely misses you. The gnoll barely misses you.
The adder bites you but does no damage.
You barely miss the adder.
The adder is moderately wounded.
The adder bites you but does no damage.
The gnoll hits you from afar with a +0 spear.
* * * LOW HITPOINT WARNING * * *
You hit the adder.
Your tail-slap misses the adder.
The adder is almost dead.
The adder bites you.
* * * LOW HITPOINT WARNING * * *
You are lethally poisoned!
The adder poisons you! The gnoll misses you. The adder closely misses you.
* * * LOW HITPOINT WARNING * * *
You feel sick.
* * * LOW HITPOINT WARNING * * *
You feel sick. The adder completely misses you. The gnoll barely misses you.
The adder bites you.
You die...

..###########.##....
. ...... #.##..## ..
....# #.##..# #.
#... #.##..# # ..
#... #.##..#
#..#.#..####.##..#
#.........g..##..#
...(#..#######..#
#........!..###@.#
#.........#..gS..#
#.####.#########.# .
... .# ###. .# .. .#
## ##


You could see a gnoll and an adder.

Vanquished Creatures
  An adder (D:4)
  A hobgoblin (D:4)
2 creatures vanquished.

Notes
Turn   | Place    | Note
-------+----------+-------------------------------------------
     0 | D:5      | Arcadio the Draconian Delver began the quest for the Orb.
     0 | D:5      | Reached XP level 1. HP: 19/19 MP: 1/1
    95 | D:5      | Noticed a scorpion
   133 | D:4      | Reached XP level 2. HP: 24/26 MP: 2/2
   139 | D:4      | Found a transporter.
   186 | D:4      | HP: 1/26 [poisoned by an adder]
   186 | D:4      | Slain by an adder

Illustrated notes

Levels and vault maps discovered:
D:4:      layout_basic, gammafunk_temple_of_torment, grunt_ministairs_14,
          uniq_ijyb
D:5:      layout_gridville, uniq_crazy_yiuf_cottage

Skill      XL: |  1 |
---------------+----+-----
Dodging        | 2 |  2.0
Fighting       | |  3.4
Maces & Flails | |  2.2
Stealth        | |  4.6

Action                     || total
---------------------------++-------
  Melee: Mace              ||    16
         Tailslap          ||     2
   Stab: Sleeping          ||     1
 Armour: Skin              ||    16
  Dodge: Dodged            ||    19
